 Dungeon Crawl Stone Soup version 0.31-a0-214-gb37851d (webtiles) character file.

Game seed: 9783603271666694072

2 Dawnplanks the Gusty (level 1, -2/10 HPs)
             Began as a Tengu Air Elementalist on July 1, 2023.
             Slain by a quokka (3 damage)
             ... on level 1 of the Dungeon.
             The game lasted 00:00:05 (32 turns).

Dawnplanks the Gusty (Tengu Air Elementalist)         Turns: 32, Time: 00:00:06

Health: -2/10      AC:  2    Str:  8    XL:     1   Next: 40%
Magic:  0/4        EV: 12    Int: 15    God:
Gold:   9          SH:  0    Dex: 14    Spells: 3/4 levels left

rFire   . . .        (no weapon)
rCold   . . .        (no shield)
rNeg    . . .        a - +0 robe
rPois   .            (helmet restricted)
rElec   .            (no cloak)
rCorr   .            (no gloves)
SInv    .            (boots unavailable)
Will    .....        (no amulet)
Stlth   ++           (no ring)
HPRegen 0.21/turn    (no ring)
MPRegen 0.09/turn

%: no passive effects
@: no status effects
A: beak, talons 3
a: no special abilities


You were on level 1 of the Dungeon.
You visited 1 branch of the dungeon, and saw 1 of its levels.

You collected 9 gold pieces.

Inventory:

Armour
 a - a +0 robe (worn)
Potions
 b - a potion of magic


   Skills:
 + Level 2.1 Dodging
 + Level 2.1 Stealth
 + Level 2.0 Spellcasting
 + Level 1.3 Conjurations
 + Level 4.1 Air Magic


You had 3 spell levels left.
You knew the following spells:

 Your Spells              Type           Power      Damage    Failure   Level
a - Shock                 Conj/Air       36%        1d5       7%          1

Your spell library contained the following spells:

 Spells                   Type           Power      Damage    Failure   Level
 Static Discharge         Conj/Air       18%        2-3/arc   11%         2
 Swiftness                Air            13%        N/A       12%         3
 Airstrike                Air            6%         2d(1-17)  38%         4


Dungeon Overview and Level Annotations

Branches:
Dungeon (1/15)

Altars:


Innate Abilities, Weirdness & Mutations

You have a beak for a mouth.
You have claws for feet.


Message History

The zap hits the hobgoblin.
The hobgoblin is moderately wounded.
The endoplasm quivers.
A quokka comes into view.
The zap hits the hobgoblin.
The hobgoblin is heavily wounded.
The zap hits the hobgoblin.
The hobgoblin is almost dead.
The zap misses the hobgoblin.
You are out of magic!
You are out of magic!
The hobgoblin barely misses you.
You hit the hobgoblin but do no damage. You claw the hobgoblin.
You kill the hobgoblin!
You barely miss the endoplasm.
You claw the endoplasm, but do no damage.
You peck the endoplasm.
The endoplasm is moderately wounded.
The quokka bites you. The quokka misses you.
You hit the endoplasm. You claw the endoplasm.
You kill the endoplasm!
The quokka misses you. The quokka bites you.
The zap hits the quokka.
The quokka is moderately wounded.
The quokka closely misses you.
You are out of magic!
You hit the quokka.
The quokka is heavily wounded.
The quokka bites you.
* * * LOW HITPOINT WARNING * * *
You are too injured to fight recklessly!
You closely miss the quokka. Your kick misses the quokka.
The quokka is heavily wounded.
The quokka bites you.
* * * LOW HITPOINT WARNING * * *
You barely miss the quokka. You peck the quokka, but do no damage.
The quokka is heavily wounded.
The quokka bites you.
You die...

##~.~≈ ...~#
#.....♣#~~~~##
#.~~.~.≈.~.~.#
#.♣~♣.≈..~~~..
#.~#.~~....♣..
#.≈ .≈...≈...
#.####~.~≈~...
#@r.....#
###.#####
###'### #8...8#
##.#.## #8.#.8#
##.#.##
##8...8##
8#8#8#...#8#8#8#


You could see a quokka.

Vanquished Creatures
  An endoplasm (D:1)
  A hobgoblin (D:1)
2 creatures vanquished.

Notes
Turn   | Place    | Note
-------+----------+-------------------------------------------
     0 | D:1      | Dawnplanks the Tengu Air Elementalist began the quest for
                  | the Orb.
     0 | D:1      | Reached XP level 1. HP: 10/10 MP: 4/4
    32 | D:1      | Slain by a quokka

Illustrated notes

Levels and vault maps discovered:
D:1:      heliophobic_arrival_ceremonial_halls, layout_basic, serial_rivers,
          chequers_serial_rivers_marsh, chequers_serial_rivers_small_a,
          chequers_serial_rivers_micro_d, chequers_serial_rivers_small_3,
          minmay_misc_feat_enclosed

Action                     || total
---------------------------++-------
  Melee: Unarmed           ||     6
         Kick              ||     3
         Peck              ||     2
   Cast: Shock             ||     5
  Dodge: Dodged            ||     4

Table legend: (Time is in decaauts)
 A = Elapsed time spent in this place.
 B = Non-inter-level travel time spent in this place.
 C = Inter-level travel time spent in this place.
 D = Time resting spent in this place.
 E = Time spent auto-exploring this place.
 F = Levels seen in this place.
 G = Mean time per level.
                   A        B        C        D        E       F      G
               +--------+--------+--------+--------+--------+-----+--------+
         Total |     32 |     32 |      0 |      0 |     14 |   1 |   32.0 |
       Dungeon |     32 |     32 |      0 |      0 |     14 |   1 |   32.0 |
               +--------+--------+--------+--------+--------+-----+--------+

Top non-repeatable levels by time:
     D:1: 32 daAuts
